 Dungeon Crawl Stone Soup version 0.31-a0-233-g139696dc86 (webtiles) character file.

Game seed: 11903403976462052206

65 garrulousMonolith the Magician (level 4, 0/32 HPs)
             Began as a Gnoll Hedge Wizard on July 10, 2023.
             Slain by a scorpion (2 damage)
             ... on level 4 of the Dungeon.
             The game lasted 00:02:25 (2744 turns).

garrulousMonolith the Magician (Gnoll Hedge Wizard) Turns: 2744, Time: 00:02:26

Health: 0/32       AC:  3    Str:  7 (9)  XL:     4   Next: 14%
Magic:  10/13      EV: 13    Int: 13 (15) God:
Gold:   171        SH:  0    Dex: 10 (12) Spells: 12/17 levels left

rFire   . . .        j - +1 dagger (pain)
rCold   . . .        (no shield)
rNeg    . . .        b - +0 robe
rPois   .            c - +0 hat
rElec   .            k - +0 cloak
rCorr   .            (no gloves)
SInv    .            (no boots)
Will    .....        (no amulet)
Stlth   ++           (no ring)
HPRegen 0.25/turn    (no ring)
MPRegen 0.13/turn

%: no passive effects
@: no status effects
A: fangs 1, strong nose, distributed training
a: no special abilities


You were on level 4 of the Dungeon.
You visited 1 branch of the dungeon, and saw 4 of its levels.

You collected 171 gold pieces.

Inventory:

Hand Weapons
 a - a +0 dagger
 j - a +1 dagger of pain (weapon)
Armour
 b - a +0 robe (worn)
 c - a +0 hat (worn)
 k - a +0 cloak (worn)
Magical Staves
 l - a staff of earth
Scrolls
 e - a scroll of enchant weapon {unknown}
 f - a scroll of revelation {unknown}
 h - a scroll of fog {unknown}
 i - a scroll of immolation {unknown}
 n - a scroll of teleportation
 p - a scroll of identify {unknown}
Potions
 d - a potion of magic
 g - 2 potions of degeneration
 m - a potion of mutation {unknown}
 o - a potion of heal wounds {unknown}


   Skills:
 + Level 1.1 Fighting
 + Level 1.1 Short Blades
 + Level 1.1 Long Blades
 + Level 1.1 Axes
 + Level 1.1 Maces & Flails
 + Level 1.1 Polearms
 + Level 1.1 Staves
 + Level 1.1 Ranged Weapons
 + Level 1.1 Throwing
 + Level 1.1 Armour
 + Level 4.6 Dodging
 + Level 4.2 Stealth
 + Level 1.1 Shields
 + Level 1.1 Unarmed Combat
 + Level 7.2 Spellcasting
 + Level 2.2 Conjurations
 + Level 0.8 Hexes
 + Level 2.2 Summonings
 + Level 0.8 Necromancy
 + Level 2.2 Translocations
 + Level 0.8 Transmutations
 + Level 0.8 Fire Magic
 + Level 0.8 Ice Magic
 + Level 0.8 Air Magic
 + Level 0.8 Earth Magic
 + Level 0.8 Poison Magic
 + Level 1.2 Invocations
 + Level 1.1 Evocations


You had 12 spell levels left.
You knew the following spells:

 Your Spells              Type           Power      Damage    Failure   Level
a - Magic Dart            Conj           40%        1d5       6%          1
b - Call Imp              Summ           20%        N/A       9%          2
c - Blink                 Tloc           20%        N/A       9%          2

Your spell library contained the following spells:

 Spells                   Type           Power      Damage    Failure   Level
 Necrotise                Necr           24%        1d5       11%         1
 Slow                     Hex            24%        N/A       11%         1
 Cigotuvi's Dreadful Rot  Necr/Pois/Air  12%        N/A       16%         2
 Mephitic Cloud           Conj/Pois/Air  8%         N/A       26%         3
 Vampiric Draining        Necr           6%         2d6       30%         3
 Agony                    Necr           6%         N/A       96%         5


Dungeon Overview and Level Annotations

Branches:
Dungeon (4/15)
 Temple: D:4-7

Altars:
Elyvilon
Nemelex Xobeh
The Shining One


Innate Abilities, Weirdness & Mutations

You have very sharp teeth.
Your uncanny sense of smell can sniff out nearby items.
Your experience applies equally to all skills.


Message History

Press: ? - help, Shift-Dir - straight line, f/p - scorpion
Aim: a scorpion (heavily wounded, 100% to hit)
The magic dart hits the scorpion but does no damage.
The scorpion is heavily wounded.
The scorpion barely misses you.
Casting: Magic Dart (safe; 5% risk of failure)
Confirm with . or Enter, or press ? or * to list all spells.
You don't have enough magic to cast this spell.
Casting: Magic Dart (safe; 5% risk of failure)
Confirm with . or Enter, or press ? or * to list all spells.
You don't have enough magic to cast this spell.
Magic courses through your body. The scorpion closely misses you.
Casting: Magic Dart (safe; 5% risk of failure)
Confirm with . or Enter, or press ? or * to list all spells.
You don't know that spell.
Casting: Magic Dart (safe; 5% risk of failure)
Confirm with . or Enter, or press ? or * to list all spells.
You blink.
Casting: Blink (safe; 8% risk of failure)
Confirm with . or Enter, or press ? or * to list all spells.
You are still too unstable to blink.
The scorpion attacks as you move away! The scorpion barely misses you.
The scorpion stings you.
* * * LOW HITPOINT WARNING * * *
It was a potion of degeneration.
There was something very wrong with that liquid.
You feel weakened.
You feel dopey.
You feel clumsy.
You feel stable enough to blink again.
The scorpion stings you but does no damage.
You aren't carrying any items that you can evoke.
Casting: Blink (safe; 9% risk of failure)
Confirm with . or Enter, or press ? or * to list all spells.
A tiny devil pulls itself out of the air.
Your cerulean imp says, "I'm here!"
The scorpion stings you.
* * * LOW HITPOINT WARNING * * *
The scorpion attacks as you move away! The scorpion closely misses you.
Your cerulean imp hits the scorpion but does no damage.
The scorpion attacks as you move away! The scorpion stings you.
You die...

###########
#.....<...#
#.#######.#
#.# #.# #5#
#.# #s# #@#
#.# #.# #.#
#.. ###


You could see a scorpion (ally target) and a friendly cerulean imp (summoned).

Vanquished Creatures
  2 adders
  A worm (D:3)
  2 dart slugs
  8 endoplasms
  A giant cockroach (D:1)
  7 goblins
  2 hobgoblins
  A quokka (D:2)
  6 ball pythons
  A bat (D:2)
  2 kobolds
  6 rats (D:1)
39 creatures vanquished.

Notes
Turn   | Place    | Note
-------+----------+-------------------------------------------
     0 | D:1      | garrulousMonolith the Gnoll Hedge Wizard began the quest
                  | for the Orb.
     0 | D:1      | Reached XP level 1. HP: 13/13 MP: 8/8
   410 | D:1      | Reached XP level 2. HP: 19/19 MP: 8/10
  1195 | D:1      | Learned a level 2 spell: Call Imp
  1198 | D:1      | Learned a level 2 spell: Blink
  1309 | D:2      | You fall into a shaft and drop 1 floor!
  1323 | D:3      | Reached XP level 3. HP: 25/25 MP: 6/11
  1360 | D:2      | Reached skill level 1 in Invocations
  1747 | D:2      | Reached skill level 1 in Fighting
  1747 | D:2      | Reached skill level 1 in Short Blades
  1747 | D:2      | Reached skill level 1 in Long Blades
  1747 | D:2      | Reached skill level 1 in Axes
  1747 | D:2      | Reached skill level 1 in Maces & Flails
  1747 | D:2      | Reached skill level 1 in Polearms
  1747 | D:2      | Reached skill level 1 in Staves
  1747 | D:2      | Reached skill level 1 in Ranged Weapons
  1747 | D:2      | Reached skill level 1 in Throwing
  1747 | D:2      | Reached skill level 1 in Armour
  1747 | D:2      | Reached skill level 1 in Shields
  1747 | D:2      | Reached skill level 1 in Unarmed Combat
  1747 | D:2      | Reached skill level 1 in Evocations
  2049 | D:2      | Reached XP level 4. HP: 32/32 MP: 11/13
  2382 | D:3      | Found a white marble altar of Elyvilon.
  2436 | D:3      | Found a glowing golden altar of the Shining One.
  2459 | D:3      | Found a sparkling altar of Nemelex Xobeh.
  2721 | D:4      | Noticed a scorpion
  2744 | D:4      | Slain by a scorpion

Illustrated notes

Levels and vault maps discovered:
D:1:      shiori_arrival_maze, layout_basic
D:2:      layout_loops_ring, minmay_misc_feat_tower
D:3:      layout_rooms, elyvilon_altar_5, mainiacjoe_overflow_alcove_1,
          nemelex_diamond_rough_becter
D:4:      layout_basic, nicolae_letterblocks [nicolae_letter_subblock,
          nicolae_letter_subblock, nicolae_letter_subblock,
          nicolae_letter_subblock, nicolae_letter_subblock,
          nicolae_letter_subblock, nicolae_letter_subblock,
          nicolae_letter_subblock, nicolae_letter_subblock,
          nicolae_letter_subblock, nicolae_letter_subblock,
          nicolae_letter_subblock, nicolae_letter_subblock,
          nicolae_letter_subblock, nicolae_letter_subblock,
          nicolae_letter_subblock, nicolae_letter_subblock,
          nicolae_letter_subblock, nicolae_letter_subblock,
          nicolae_letter_subblock, nicolae_letter_subblock,
          nicolae_letter_subblock, nicolae_letter_subblock,
          nicolae_letter_subblock, nicolae_letter_subblock], uniq_natasha

Skill      XL: |  1  2  3 |
---------------+----------+-----
Conjurations   | 2 |  2.2
Summonings     | 2 |  2.2
Translocations | 2 |  2.2
Invocations    | 1 |  1.2
Fighting       | 1 |  1.1
Short Blades   | 1 |  1.1
Long Blades    | 1 |  1.1
Axes           | 1 |  1.1
Maces & Flails | 1 |  1.1
Polearms       | 1 |  1.1
Staves         | 1 |  1.1
Ranged Weapons | 1 |  1.1
Throwing       | 1 |  1.1
Armour         | 1 |  1.1
Shields        | 1 |  1.1
Unarmed Combat | 1 |  1.1
Evocations     | 1 |  1.1
Dodging        | |  4.6
Stealth        | |  4.2
Spellcasting   | |  7.2
Hexes          | |  0.8
Necromancy     | |  0.8
Transmutations | |  0.8
Fire Magic     | |  0.8
Ice Magic      | |  0.8
Air Magic      | |  0.8
Earth Magic    | |  0.8
Poison Magic   | |  0.8

Action                     |  1- 3 |  4- 6 || total
---------------------------+-------+-------++-------
   Cast: Magic Dart        |    78 |    30 ||   108
         Blink             |       |     1 ||     1
         Call Imp          |       |     1 ||     1
    Use: Potion            |       |     2 ||     2
         Scroll            |       |     1 ||     1
 Armour: Robe              |     3 |     3 ||     6
  Dodge: Dodged            |     5 |    15 ||    20

Table legend: (Time is in decaauts)
 A = Elapsed time spent in this place.
 B = Non-inter-level travel time spent in this place.
 C = Inter-level travel time spent in this place.
 D = Time resting spent in this place.
 E = Time spent auto-exploring this place.
 F = Levels seen in this place.
 G = Mean time per level.
                   A        B        C        D        E       F      G
               +--------+--------+--------+--------+--------+-----+--------+
         Total |   2742 |   2697 |     45 |    136 |   2310 |   4 |  685.5 |
       Dungeon |   2742 |   2697 |     45 |    136 |   2310 |   4 |  685.5 |
               +--------+--------+--------+--------+--------+-----+--------+

Top non-repeatable levels by time:
     D:1: 1213 daAuts
     D:2: 1002 daAuts
     D:3: 502 daAuts
     D:4: 24 daAuts
